 Dungeon Crawl Stone Soup version 0.28.0-53-g5a82cb258f (webtiles) character file.

Game seed: 4834724287653166013

192 Stomo the Gusty (level 5, 0/41 HPs)
             Began as a Draconian Air Elementalist on July 9, 2022.
             Killed by divine providence
             ... invoked by an orc priest
              (9 damage)
             ... on level 4 of the Dungeon.
             The game lasted 00:07:29 (4132 turns).

Stomo the Gusty (Draconian Air Elementalist)        Turns: 4132, Time: 00:07:30

Health: 0/41       AC:  5    Str: 12    XL:     5   Next: 42%
Magic:  6/9        EV: 12    Int: 15    God:
Gold:   92         SH:  0    Dex: 12    Spells: 2/9 levels left

rFire   . . .      SeeInvis .   a - +1 club
rCold   . . .      Faith    .   (no shield)
rNeg    . . .      Spirit   .   (armour unavailable)
rPois   .          Reflect  .   (helmet restricted)
rElec   .          Harm     .   (no cloak)
rCorr   .          Rampage  .   (no gloves)
Will    .....                   (no boots)
Stlth   ++........              (no amulet)
HPRegen 0.13/turn               (no ring)
MPRegen 0.11/turn               (no ring)

@: no status effects
A: AC +5, unfitting armour, cold-blooded
a: no special abilities


You were on level 4 of the Dungeon.
You visited 1 branch of the dungeon, and saw 5 of its levels.

You collected 92 gold pieces.

Inventory:

Hand Weapons
 a - a +1 club (weapon)
Scrolls
 d - a scroll of vulnerability {unknown}
 f - a scroll of amnesia
 g - a scroll of fear {unknown}
 h - a scroll of holy word {unknown}
 i - 2 scrolls of blinking {unknown}
 m - a scroll of identify {unknown}
Potions
 c - 2 potions of curing
 e - a potion of lignification {unknown}
 k - a potion of heal wounds {unknown}
 l - a potion of berserk rage {unknown}
 n - a potion of haste {unknown}


   Skills:
 + Level 2.0 Fighting
 + Level 1.9 Maces & Flails
 + Level 2.7 Dodging
 - Level 1.7 Stealth
 + Level 2.8 Spellcasting
 - Level 2.0 Conjurations
 + Level 3.6 Air Magic


You had 2 spell levels left.
You knew the following spells:

 Your Spells              Type           Power      Damage    Failure   Level
a - Shock                 Conj/Air       40%        1d5       6%          1
b - Static Discharge      Conj/Air       10%        N/A       10%         2
c - Airstrike             Air            6%         N/A       41%         4

Your spell library contained the following spells:

 Spells                   Type           Power      Damage    Failure   Level
 Swiftness                Air            13%        N/A       14%         3
 Dazzling Flash           Conj/Hex       10%        N/A       38%         3
 Lee's Rapid Deconstruct  Erth           1%         3d5*      99%         5
 Summon Mana Viper        Hex/Summ       2%         N/A       99%         5
 Iron Shot                Conj/Erth      2%         9d2       100%        6


Dungeon Overview and Level Annotations

Branches:
Dungeon (5/15)
 Temple: D:4-7

Altars:
Elyvilon

Annotations:
D:2 1 runed translucent door, Crazy Yiuf


Innate Abilities, Weirdness & Mutations

Your plain brown scales are hard. (AC +5)
You cannot fit into any form of body armour.
You are cold-blooded and may be slowed by cold attacks.


Message History

You hear some strange, mumbled words.
A puff of flame appears from out of thin air!
The puff of flame hits you! The orc hits you with a +0 mace.
The orc priest miscasts a cantrip.
Unknown command.
Something hits you. The orc barely misses you.
You closely miss the orc.
You feel less confused. Something hits you. The orc priest barely misses you.
The orc hits you with a +0 mace. The orc priest closely misses you.
Something hits you but does no damage.
Casting: Static Discharge (safe; 10% risk of failure)
Confirm with . or Enter, or press ? or * to list all spells.
Something is struck by an arc of lightning.
You are struck by an arc of lightning.
* * * LOW HITPOINT WARNING * * *
The lightning grounds out.
The orc barely misses you.
You hear some strange, mumbled words.
A magic dart appears from out of thin air!
The magic dart hits you.
* * * LOW HITPOINT WARNING * * *
The orc priest hits you with a +0 short sword.
* * * LOW HITPOINT WARNING * * *
As you read the scroll of fog, it crumbles to dust.
The scroll dissolves into smoke.
The orc hits you but does no damage.
The orc priest hits you with a +0 short sword.
* * * LOW HITPOINT WARNING * * *
Something hits you but does no damage.
Unknown command.
The orc priest looks braver for a moment.
You hear some strange, mumbled words.
Something tries to affect you, but you resist.
As you read the scroll labelled LEOWANK VOIJAZ, it crumbles to dust.
It is a scroll of enchant weapon.
Your +0 club glows red for a moment.
The orc hits you but does no damage.
Okay, then.
It was a potion of curing.
You feel better. The orc misses you.
The orc priest mumbles some strange prayers to Beogh against you.
Beogh smites you!
You die...

#.#..# #.#.# ##...##
###.#.#.#########
...........§§§§§###.##.#
###.#.#.####{§§§§.[....#
#...## #o######.##.#
##.## #o# #..## #@#
###.#.## #.# ..###.# #..
###.#.## #..# #..## #..#
###.#####...
#..).......#
########.#)########
.........#.#


You could see an orc priest and an orc.

Vanquished Creatures
  A hound (D:5)
  4 gnolls (D:4)
  5 adders
  A dart slug (D:3)
  7 orcs
  7 bats
  6 endoplasms
  2 giant cockroaches
  6 goblins
  7 hobgoblins
  3 jackals (D:1)
  A quokka (D:1)
  4 ball pythons
  5 frilled lizards
  7 kobolds
  4 rats (D:1)
70 creatures vanquished.

Vanquished Creatures (others)
  2 fungi (D:1)
  2 plants (D:1)
4 creatures vanquished.

Grand Total: 74 creatures vanquished

Notes
Turn   | Place    | Note
-------+----------+-------------------------------------------
     0 | D:1      | Stomo the Draconian Air Elementalist began the quest for
                  | the Orb.
     0 | D:1      | Reached XP level 1. HP: 14/14 MP: 3/3
   322 | D:1      | Reached XP level 2. HP: 22/22 MP: 3/5
   835 | D:1      | Reached XP level 3. HP: 27/27 MP: 1/6
   949 | D:1      | Found a faded altar of an unknown god.
  1005 | D:1      | Reached skill level 1 in Fighting
  1153 | D:1      | Got the Guide on Ensnaring Clay
  1386 | D:2      | Reached skill level 1 in Maces & Flails
  1545 | D:2      | Found a white marble altar of Elyvilon.
  1823 | D:2      | Reached XP level 4. HP: 35/35 MP: 0/7
  2050 | D:2      | Learned a level 2 spell: Static Discharge
  2055 | D:2      | Learned a level 4 spell: Airstrike
  2069 | D:2      | Found a runed translucent door.
  2070 | D:2      | Noticed Crazy Yiuf
  2733 | D:4      | Identified the +11 quarterstaff of Unloyd {speed, rCorr}
  2737 | D:4      | Noticed a necrophage
  3642 | D:4      | Reached XP level 5. HP: 34/41 MP: 1/9
  3828 | D:5      | Entered Level 5 of the Dungeon
  4126 | D:4      | HP: 1/41 [orc priest/+0 short sword (3)]
  4132 | D:4      | Killed from afar by an orc priest

Illustrated notes

Levels and vault maps discovered:
D:1:      wander_arrival_fairy_ring, layout_loops_ring,
          ebering_ecumenical_altar_rust
D:2:      layout_rooms, basic_altar, uniq_crazy_yiuf_cottage
D:3:      layout_rooms
D:4:      layout_loops_ring
D:5:      layout_loops_ring

Skill      XL: |  1  2  3  4  5 |
---------------+----------------+-----
Dodging        | 2 |  2.7
Fighting       | 1 2 |  2.0
Maces & Flails | 1 |  1.9
Conjurations   | 2 |  2.0
Stealth        | |  1.7
Spellcasting   | |  2.8
Air Magic      | |  3.6

Action                   |  1- 3 |  4- 6 || total
-------------------------+-------+-------++-------
Melee: Club              |    30 |    46 ||    76
       Unarmed           |     6 |       ||     6
       Tailslap          |     2 |     5 ||     7
       Punch             |     1 |     3 ||     4
 Cast: Shock             |    72 |    42 ||   114
       Static Discharge  |       |    21 ||    21
  Use: Scroll            |     3 |     2 ||     5
       Potion            |       |     1 ||     1
 Stab: Sleeping          |       |     1 ||     1
Armor: Skin              |    16 |    18 ||    34
Dodge: Dodged            |    33 |    64 ||    97
